 Dungeon Crawl Stone Soup version 0.32-a0-953-g508020473e (webtiles) character file.

Game seed: 1396070156661352046

114 bronco the Firebug (level 4, 0/38 HPs)
             Began as a Mountain Dwarf Fire Elementalist on Apr 16, 2024.
             Succumbed to an orc wizard's poison
             ... on level 3 of the Dungeon.
             The game lasted 00:06:32 (2418 turns).

bronco the Firebug (MDFE)                           Turns: 2418, Time: 00:06:33

Health: 0/38       AC:  5    Str: 11    XL:     4   Next: 66%
Magic:  2/6        EV: 10    Int: 17    God:
Gold:   109        SH:  0    Dex: 10    Spells: 2/6 levels left

rFire   . . .        r - +1 hand axe
rCold   . . .        j - orb {light}
rNeg    . . .        i - +0 leather armour
rPois   .            e - +1 hat
rElec   .            (no cloak)
rCorr   .            f - +0 pair of gloves
SInv    .            (no boots)
Will    .....        (no amulet)
Stlth   +            (no ring)
HPRegen 0.26/turn    (no ring)
MPRegen 0.10/turn

%: no passive effects
@: lethally poisoned (0 -> -10), glowing
A: runic magic, artefact enchanting
a: no special abilities


You were on level 3 of the Dungeon.
You visited 1 branch of the dungeon, and saw 3 of its levels.

You collected 109 gold pieces.

Inventory:

Hand Weapons
 q - a +0 quarterstaff
 r - a +1 hand axe (weapon)
 v - a +0 trident
Missiles
 w - 4 poisoned darts
Armour
 a - a +0 robe
 e - a +1 hat (worn)
 f - a +0 pair of gloves (worn)
 i - a +0 leather armour (worn)
 j - an orb of light (worn)
Magical Staves
 t - a staff of alchemy
Scrolls
 g - 2 scrolls of immolation
 h - a scroll of teleportation
 u - a scroll of fear
Potions
 d - a potion of resistance {unknown}
 l - 2 potions of mutation
 o - a potion of invisibility {unknown}


   Skills:
 - Level 3.2 Fighting
 - Level 1.3 Dodging
 - Level 1.4 Stealth
 - Level 1.7 Spellcasting
 - Level 0.8 Conjurations
 - Level 4.6 Fire Magic
 + Level 2.1 Earth Magic


You had 2 spell levels left.
You knew the following spells:

 Your Spells              Type           Power      Damage    Failure   Level
a - Foxfire               Conj/Fire      40%        2x1d6     7%          1
b - Scorch                Fire           34%        2d6       4%          2
c - Sandblast             Erth           16%        2d6       9%          1

Your spell library contained the following spells:

 Spells                   Type           Power      Damage    Failure   Level
 Freeze                   Ice            4%         1d3       22%         1
 Inner Flame              Hex/Fire       9%         N/A       24%         3
 Volatile Blastmotes      Fire/Tloc      18%        2d11      24%         3
 Passwall                 Erth           8%         N/A       26%         3
 Stone Arrow              Conj/Erth      12%        3d7       34%         3
 Hailstorm                Conj/Ice       2%         3d5       47%         3
 Frozen Ramparts          Ice            2%         1d1       54%         3
 Flame Wave               Conj/Fire      10%        2d6       56%         4


Dungeon Overview and Level Annotations

Branches:
Dungeon (3/15)

Altars:
Yredelemnul


Innate Abilities, Weirdness & Mutations

Your spellcasting is much less encumbered by armour.
You can use scrolls of enchantment on lesser artefacts.


Message History

The orc wizard hits you but does no damage.
The foxfire hits the orc wizard.
The orc wizard is lightly wounded.
Unknown command.
You hit the orc wizard but do no damage.
The orc wizard is almost dead.
You barely miss the orc wizard.
You feel sick.
The foxfire hits the orc wizard.
You kill the orc wizard!
Reactivating autopickup.
Your Earth Magic skill increases to level 2!
Unknown command.
Unknown command.
You hit the orc wizard but do no damage.
The orc wizard is lightly wounded.
You hit the orc.
You feel sick. The orc hits you with a +0 club.
The orc wizard hits you with a +2 dagger of venom.
Unknown command.
Unknown command.
Magic courses through your body.
You feel sick. The orc wizard misses you. The orc barely misses you.
The orc wizard closely misses you.
Casting: Foxfire (safe; 7% risk of failure)
Confirm with . or Enter, or press ? or * to list all spells.
Flames lash the orc wizard.
The orc wizard is moderately wounded.
The orc wizard's fire resistance burns away.
You feel sick.
You are no longer poisoned.
The orc wizard gestures at you while chanting.
The puff of flame hits you.
* * * LOW HITPOINT WARNING * * *
The orc misses you.
The orc wizard hits you with a +2 dagger of venom.
* * * LOW HITPOINT WARNING * * *
You are lethally poisoned!
Your magical contamination has completely faded away.
Casting: Scorch (safe; 4% risk of failure)
Confirm with . or Enter, or press ? or * to list all spells.
Flames lash the orc wizard.
The orc wizard is burned terribly!
You kill the orc wizard!
You die...

. #.#.. ..#.. #.....
###..... #......o ##.$.#
#####)o.# #....@o##
####.####.# #....# #.# .#
.### #.#### #.###.###
....####.##### #.#.....#
.............###.#.....#
.P.P......###...........##
.._..##.......##...........
.P.P ##.####..........#.##


You could see an orc wizard (invisible) and an orc.

Vanquished Creatures
  2 orc wizards (D:3)
  2 adders
  2 dart slugs
  2 ribbon worms (D:2)
  An orc (D:3)
  3 bats
  6 endoplasms
  4 giant cockroaches (D:1)
  6 goblins
  6 hobgoblins
  4 quokkas
  5 ball pythons
  2 frilled lizards
  6 kobolds
  8 rats
59 creatures vanquished.

Vanquished Creatures (others)
  118 foxfires
118 creatures vanquished.

Grand Total: 177 creatures vanquished

Notes
Turn   | Place    | Note
-------+----------+-------------------------------------------
     0 | D:1      | bronco the Mountain Dwarf Fire Elementalist began the quest
                  | for the Orb.
     0 | D:1      | Reached XP level 1. HP: 14/14 MP: 3/3
    73 | D:1      | Reached skill level 4 in Fire Magic
   141 | D:1      | Reached XP level 2. HP: 20/20 MP: 1/4
   145 | D:1      | Found a faded altar of an unknown god.
   424 | D:1      | Learned a level 2 spell: Scorch
   572 | D:1      | Reached skill level 1 in Fighting
   848 | D:1      | Reached XP level 3. HP: 29/29 MP: 3/5
  1865 | D:2      | Reached XP level 4. HP: 28/38 MP: 0/6
  2220 | D:3      | Learned a level 1 spell: Sandblast
  2297 | D:3      | Reached skill level 1 in Earth Magic
  2388 | D:3      | Found a basalt altar of Yredelemnul.
  2418 | D:3      | Succumbed to an orc wizard's poison

Illustrated notes

Levels and vault maps discovered:
D:1:      mrwooster_arrival_statue_2, layout_basic,
          hellmonk_ecumenical_altar_blasted, minmay_misc_feat_tiny
D:2:      layout_basic, serial_forest, infiniplex_forest_3_way,
          infiniplex_forest_straight_2, infiniplex_forest_end_3,
          infiniplex_forest_lined_4_way, infiniplex_forest_straight_4,
          infiniplex_forest_end_2, infiniplex_forest_zigzag_2,
          infiniplex_forest_lined_room_2, kennysheep_potato
D:3:      layout_rooms, yredelemnul_altar_generic, serial_shops, shop_fountains,
          uniq_terence

Skill      XL: |  1  2  3  4 |
---------------+-------------+-----
Fire Magic     | 4 |  4.6
Fighting       | 1 3 |  3.2
Earth Magic    | 2 |  2.1
Dodging        | |  1.3
Stealth        | |  1.4
Spellcasting   | |  1.7
Conjurations   | |  0.8

Action                     |  1- 3 |  4- 6 || total
---------------------------+-------+-------++-------
  Melee: Whip              |    33 |       ||    33
         Hand axe          |       |     8 ||     8
   Cast: Foxfire           |    64 |    10 ||    74
         Scorch            |     4 |     6 ||    10
    Use: Scroll            |       |     6 ||     6
         Potion            |       |     2 ||     2
 Armour: Robe              |     4 |       ||     4
         Leather armour    |    22 |    18 ||    40
  Dodge: Dodged            |    30 |    11 ||    41

Table legend: (Time is in decaauts)
 A = Elapsed time spent in this place.
 B = Non-inter-level travel time spent in this place.
 C = Inter-level travel time spent in this place.
 D = Time resting spent in this place.
 E = Time spent auto-exploring this place.
 F = Levels seen in this place.
 G = Mean time per level.
                   A        B        C        D        E       F      G
               +--------+--------+--------+--------+--------+-----+--------+
         Total |   2422 |   2369 |     53 |      0 |   1960 |   3 |  807.3 |
       Dungeon |   2422 |   2369 |     53 |      0 |   1960 |   3 |  807.3 |
               +--------+--------+--------+--------+--------+-----+--------+

Top non-repeatable levels by time:
     D:2: 1161 daAuts
     D:1: 1044 daAuts
     D:3: 216 daAuts
